 Dungeon Crawl Stone Soup version 0.22-b1-26-g9dbaab1 (webtiles) character file.

21354 HiJackal the Thaumaturge (level 12, -3/91 HPs)
             Began as a Gnoll Wizard on Aug 7, 2018.
             Was a Believer of Ashenzari.
             Slain by a yak (14 damage)
             ... on level 2 of the Lair of Beasts.
             The game lasted 01:06:46 (25872 turns).

HiJackal the Thaumaturge (Gnoll Wizard)            Turns: 25872, Time: 01:06:46

Health: -3/91      AC:  7    Str: 10    XL:     12   Next: 89%
Magic:  10/26      EV: 18    Int: 29    God:    Ashenzari [**....]
Gold:   955        SH:  0    Dex: 14    Spells: 18/31 levels left

rFire    . . .     SeeInvis .   I - +1 trident (venom)
rCold    . . .     Gourm    .   (no shield)
rNeg     . . .     Faith    .   o - +2 robe {Archmagi} (curse)
rPois    .         Spirit   .   b - +0 hat
rElec    .         Reflect  .   a - +0 cloak (curse)
rCorr    .         Harm     .   L - +0 pair of gloves
MR       .....                  (no boots)
Stlth    ++++......             s - amulet of the acrobat (curse)
HPRegen  0.25/turn              c - +4 ring of intelligence (curse)
MPRegen  0.20/turn              u - ring of wizardry (curse)

@: no status effects
A: distributed training, fangs 1, strong nose
a: Curse Item, Scrying, Renounce Religion


You were on level 2 of the Lair of Beasts.
You worshipped Ashenzari.
Ashenzari was pleased with you.
You were near starving.

You visited 2 branches of the dungeon, and saw 13 of its levels.

You collected 955 gold pieces.

Inventory:

Hand Weapons
 I - a +1 trident of venom (weapon)
Missiles
 e - 2 throwing nets (quivered)
Armour
 a - a cursed +0 cloak (worn)
 b - a +0 hat (worn)
 o - a cursed +2 robe of the Archmagi (worn)
 L - a +0 pair of gloves (worn)
 O - +0 steam dragon scales
Jewellery
 c - a cursed +4 ring of intelligence (left hand)
 s - a cursed amulet of the acrobat (around neck)
 u - a cursed ring of wizardry (right hand)
 G - an uncursed ring of protection from cold
 K - a +4 ring of strength
 P - the ring "Yxefitzu" {rElec rN++ MP+9 Str-3 Dex+3}
   (You found it on level 11 of the Dungeon)

   [ring of dexterity]

   It affects your strength (-3).
   It affects your dexterity (+3).
   It insulates you from electricity.
   It greatly protects you from negative energy.
   It affects your magic capacity (+9).
 Q - an uncursed ring of protection from cold
 S - an uncursed amulet of faith
Wands
 m - a wand of iceblast (20)
 n - a wand of flame (30)
 q - a wand of disintegration (30)
 x - a wand of polymorph (15)
 R - a wand of digging (10)
Scrolls
 g - 3 scrolls of teleportation
 h - 15 scrolls of identify
 k - 3 scrolls of magic mapping {unknown}
 r - a scroll of fear {unknown}
 y - 2 scrolls of enchant weapon
 A - a scroll of noise {unknown}
 B - a scroll of blinking {unknown}
 D - 2 scrolls of enchant armour {unknown}
 E - 2 scrolls of immolation {unknown}
 J - 2 scrolls of random uselessness {unknown}
 M - 2 scrolls of amnesia {unknown}
 N - 2 scrolls of remove curse
Potions
 f - 2 potions of brilliance
 i - a potion of flight {unknown}
 j - 4 potions of heal wounds
 l - 5 potions of lignification
 p - 8 potions of curing
 t - 2 potions of might
 v - 2 potions of haste {unknown}
 w - a potion of invisibility
 z - a potion of berserk rage {unknown}
 C - a potion of ambrosia {unknown}
 F - 2 potions of resistance
 H - a potion of magic {unknown}
Comestibles
 d - 19 rations


   Skills:
 + Level 7.6 Fighting
 + Level 7.6 Short Blades
 + Level 7.6 Long Blades
 + Level 7.6 Axes
 + Level 7.6 Maces & Flails
 + Level 7.6 Polearms
 + Level 7.6 Staves
 + Level 7.6 Slings
 + Level 7.6 Bows
 + Level 7.6 Crossbows
 + Level 7.6 Throwing
 + Level 7.6 Armour
 + Level 8.9 Dodging
 + Level 8.7 Stealth
 + Level 7.6 Shields
 + Level 7.6 Unarmed Combat
 + Level 10.4 Spellcasting
 + Level 6.7(9.1) Conjurations
 + Level 6.3(8.6) Hexes
 + Level 6.3(8.6) Charms
 + Level 6.7(9.1) Summonings
 + Level 6.3(8.6) Necromancy
 + Level 6.7(9.1) Translocations
 + Level 6.3(8.6) Transmutations
 + Level 6.3(8.6) Fire Magic
 + Level 6.3(8.6) Ice Magic
 + Level 6.3(8.6) Air Magic
 + Level 6.3(8.6) Earth Magic
 + Level 6.3(8.6) Poison Magic
 + Level 8.3 Invocations
 + Level 7.6(9.9) Evocations


You had 18 spell levels left.
You knew the following spells:

 Your Spells              Type           Power        Failure   Level  Hunger
a - Magic Dart            Conj           ####         1%          1    None
b - Call Imp              Summ           #######.     1%          2    None
c - Conjure Flame         Conj/Fire      #######.     1%          3    None
d - Passwall              Tmut/Erth      #######.     1%          2    None
e - Blink                 Tloc           N/A          1%          2    None
f - Mephitic Cloud        Conj/Pois/Air  #######.     1%          3    None

Your spell library contained the following spells:

 Spells                   Type           Power        Failure   Level  Hunger
 Slow                     Hex            #######.     1%          2    None
 Confuse                  Hex            #######.     1%          3    None
 Stone Arrow              Conj/Erth      ######       1%          3    None
 Confusing Touch          Hex            ######       1%          1    None
 Metabolic Englaciation   Hex/Ice        #######...   1%          5    ###....
 Lee's Rapid Deconstruct  Erth           #######...   1%          5    ###....
 Sandblast                Erth           ######       1%          1    None
 Petrify                  Tmut/Erth      #######.     1%          4    None
 Gell's Gravitas          Tloc           #######...   1%          3    None
 Yara's Violent Unravell  Hex/Tmut       #######...   1%          5    ###....


Dungeon Overview and Level Annotations

Branches:
Dungeon (11/15)            Temple (0/1) D:6            Lair (2/6) D:11
    Orc (0/2) D:10
  Swamp: Lair:2-4    Shoals: Lair:2-4     Snake: Lair:2-4    Spider: Lair:2-4

Altars:
Ashenzari
Dithmenos
Fedhas
Makhleb
Okawaru
Qazlal
Wu Jian
Xom
Zin
The Shining One

Annotations:
D:1 exclusion: 2 downstairs
D:5 exclusion: 2 downstairs
D:8 3 runed doors, Thomus's ghost, novice MiBe
D:10 exclusion: downstairs
Lair:1 exclusion: downstairs


Innate Abilities, Weirdness & Mutations

Your experience applies equally to all skills.
You have very sharp teeth.
Your uncanny sense of smell can sniff out nearby items.


Message History

Aiming: Magic Dart (safe; 1% risk of failure)
Press: ? - help, Shift-Dir - straight line, f/p - yak
Aim: a yak (moderately wounded)
You feel a surge of power!
The magic dart hits the yak.
The yak is heavily wounded.
The yak gores you!
The yak is engulfed in blazing flames.
The yak completely misses you. The yak gores you.
* * * LOW HITPOINT WARNING * * *
The yak completely misses you.
Casting: Magic Dart (safe; 1% risk of failure)
Confirm with . or Enter, or press ? or * to list all spells.
Aiming: Magic Dart (safe; 1% risk of failure)
Press: ? - help, Shift-Dir - straight line, f/p - yak
Aim: a yak (heavily wounded)
You feel a surge of power!
The magic dart hits the yak.
The yak is heavily wounded.
The yak misses you.
The yak is engulfed in blazing flames.
The yak gores you!
* * * LOW HITPOINT WARNING * * *
The yak barely misses you. The yak gores you!
You die...

* ,**#### ### * ##*
##P.###########.### #.,
#.................! #..,
#.........)........ #P.,
#......##..........
*#..##...#P##...........
#..#.#Y#####...........
#....Y@Y............##.
#.##.#Y#..........###*.
###.....##.####....# #
#.#.#.##### #....# #
##..[..## #...#####
##.#.#.#.## ##...P..##
#.........####.........
#..#.#.#PP.#..##..##.#.
#.............########.


You could see 4 yaks.

Vanquished Creatures
  3 hydras
  A two-headed ogre (D:11)
  A death yak (D:11)
  4 unseen horrors
  Pikel (D:6)
  2 ugly things (D:11)
  6 spiny frogs
  The ghost of nicolaieve the Basher, a novice MiBe of Trog (D:6)
  2 komodo dragons (Lair:2)
  A hornet (D:9)
  3 hippogriffs
  16 yaks
  3 hogs (D:7)
  3 basilisks
  A steam dragon (D:11)
  3 hungry ghosts
  2 wargs (Lair:1)
  2 water moccasins
  2 two-headed ogre zombies (D:10)
  Duvessa (D:6)
  A black bear (D:7)
  5 porcupines (Lair:2)
  2 sky beasts
  An orc warrior (D:9)
  3 phantoms
  A slave (D:6)
  2 necrophages
  6 ogres
  3 wolves (Lair:1)
  9 centaurs
  A crocodile (Lair:1)
  2 big kobolds
  10 bullfrogs
  A gnoll sergeant (D:10)
  A troll zombie (D:10)
  A scorpion (D:9)
  4 killer bees (D:8)
  3 wights
  3 crimson imps
  3 jellies
  A bullfrog zombie (D:11)
  12 hounds
  2 orc priests
  Crazy Yiuf (D:7)
  A bullfrog skeleton (D:11)
  2 centaur skeletons
  2 iguanas (D:7)
  4 orc wizards
  8 worker ants
  5 ogre zombies (D:10)
  A hound skeleton (D:6)
  A worker ant zombie (D:8)
  11 gnolls
  A howler monkey skeleton (D:9)
  10 adders
  4 shadow imps
  6 adder skeletons
  4 worms
  A dart slug (D:5)
  6 leopard geckos
  17 orcs
  11 bats
  4 giant cockroaches
  16 goblins
  8 hobgoblins
  11 jackals
  A quokka (D:5)
  3 frilled lizards
  2 goblin skeletons (D:10)
  A goblin zombie (D:10)
  2 hobgoblin skeletons (D:10)
  2 hobgoblin zombies (D:10)
  20 kobolds
  A leopard gecko zombie (D:7)
  2 orc skeletons (D:10)
  16 orc zombies (D:10)
  A quokka zombie (D:7)
  7 rats
  A fungus (D:7)
329 creatures vanquished.

Vanquished Creatures (collateral kills)
  An ugly thing (D:7)
  An elephant (D:11)
  Sigmund (D:2)
  2 wyverns (D:9)
  A hog (D:7)
  A human (D:7)
  A yak (D:11)
  2 water moccasins (Lair:1)
  A sky beast (D:6)
  A slave (D:6)
  A wolf (Lair:1)
  3 centaurs
  A crocodile (Lair:1)
  Dowan (D:6)
  A scorpion (D:9)
  A killer bee (D:8)
  A wight (D:11)
  A bullfrog zombie (D:4)
  A hound (D:7)
  A jelly (D:6)
  A bullfrog skeleton (D:9)
  4 orc wizards
  A hound zombie (D:5)
  Robin (D:4)
  4 gnolls
  4 adders
  A howler monkey skeleton (D:5)
  A worm (D:2)
  An orc (D:5)
  2 hobgoblins (D:2)
  A quokka (D:11)
  3 goblins (D:2)
48 creatures vanquished.

Vanquished Creatures (others)
  A slave (D:6)
  A worker ant (D:6)
  An orc (D:8)
  3 fungi (Lair:2)
  10 plants
16 creatures vanquished.

Grand Total: 393 creatures vanquished

Notes
Turn   | Place    | Note
-------+----------+-------------------------------------------
     0 | D:1      | HiJackal the Gnoll Wizard began the quest for the Orb.
     0 | D:1      | Reached XP level 1. HP: 13/13 MP: 8/8
   421 | D:1      | Reached XP level 2. HP: 19/19 MP: 7/10
  1024 | D:1      | Learned a level 2 spell: Blink
  1027 | D:1      | Learned a level 2 spell: Call Imp
  1058 | D:2      | Reached XP level 3. HP: 25/25 MP: 1/11
  1252 | D:2      | Noticed Robin
  1332 | D:2      | Reached skill level 1 in Invocations
  1595 | D:2      | Reached skill level 1 in Fighting
  1595 | D:2      | Reached skill level 1 in Short Blades
  1595 | D:2      | Reached skill level 1 in Long Blades
  1595 | D:2      | Reached skill level 1 in Axes
  1595 | D:2      | Reached skill level 1 in Maces & Flails
  1595 | D:2      | Reached skill level 1 in Polearms
  1595 | D:2      | Reached skill level 1 in Staves
  1595 | D:2      | Reached skill level 1 in Slings
  1595 | D:2      | Reached skill level 1 in Bows
  1595 | D:2      | Reached skill level 1 in Crossbows
  1595 | D:2      | Reached skill level 1 in Throwing
  1595 | D:2      | Reached skill level 1 in Armour
  1595 | D:2      | Reached skill level 1 in Shields
  1595 | D:2      | Reached skill level 1 in Unarmed Combat
  1595 | D:2      | Reached skill level 1 in Evocations
  1880 | D:2      | Reached XP level 4. HP: 32/32 MP: 11/13
  1972 | D:2      | Noticed Sigmund
  2258 | D:2      | Learned a level 3 spell: Conjure Flame
  2262 | D:2      | Learned a level 3 spell: Mephitic Cloud
  2353 | D:2      | Killed Sigmund
  2353 | D:2      | Reached skill level 1 in Hexes
  2353 | D:2      | Reached skill level 1 in Charms
  2353 | D:2      | Reached skill level 1 in Necromancy
  2353 | D:2      | Reached skill level 1 in Transmutations
  2353 | D:2      | Reached skill level 1 in Fire Magic
  2353 | D:2      | Reached skill level 1 in Ice Magic
  2353 | D:2      | Reached skill level 1 in Air Magic
  2353 | D:2      | Reached skill level 1 in Earth Magic
  2353 | D:2      | Reached skill level 1 in Poison Magic
  2353 | D:2      | Reached XP level 5. HP: 22/37 MP: 0/14
  2730 | D:2      | Found a stormy altar of Qazlal.
  3300 | D:3      | Reached XP level 6. HP: 44/44 MP: 12/16
  3930 | D:4      | Reached skill level 5 in Dodging
  4118 | D:4      | Found a shattered altar of Ashenzari.
  4229 | D:4      | Killed Robin
  4511 | D:4      | Found a glowing golden altar of the Shining One.
  4523 | D:4      | Found a shattered altar of Ashenzari.
  4557 | D:4      | Reached XP level 7. HP: 50/50 MP: 6/18
  5200 | D:4      | Became a worshipper of Ashenzari the Shackled
  5240 | D:5      | Entered Level 5 of the Dungeon
  6130 | D:4      | Reached skill level 5 in Stealth
  6823 | D:5      | Found a blossoming altar of Fedhas.
  6918 | D:6      | Reached XP level 8. HP: 47/57 MP: 1/19
  7326 | D:6      | Found a staircase to the Ecumenical Temple.
  7379 | D:6      | Noticed Dowan
  7386 | D:6      | Noticed Duvessa
  7984 | D:6      | Noticed Pikel
  8313 | D:6      | Found a runed gate.
  8313 | D:6      | Found a runed gate.
  8313 | D:6      | Noticed nicolaieve's ghost (novice MiBe)
  8317 | D:6      | Found a runed gate.
  8362 | D:6      | Reached * piety under Ashenzari
  8404 | D:6      | Killed Dowan
  8718 | D:6      | Killed Duvessa
  8895 | D:6      | Killed Pikel
  8895 | D:6      | Reached skill level 8 in Spellcasting
  8895 | D:6      | Reached XP level 9. HP: 59/65 MP: 1/21
  9025 | D:6      | Found a burning altar of Makhleb.
  9027 | D:6      | Noticed a blizzard demon
  9028 | D:6      | Found a glowing silver altar of Zin.
  9028 | D:6      | Noticed an angel
  9383 | D:6      | Killed nicolaieve's ghost
 10304 | D:7      | Noticed a green ugly thing
 10377 | D:7      | Killed a green ugly thing
 10377 | D:7      | Reached skill level 5 in Invocations
 10817 | D:7      | Reached XP level 10. HP: 59/73 MP: 8/22
 11374 | D:7      | Reached skill level 5 in Fighting
 11374 | D:7      | Reached skill level 5 in Short Blades
 11374 | D:7      | Reached skill level 5 in Long Blades
 11374 | D:7      | Reached skill level 5 in Axes
 11374 | D:7      | Reached skill level 5 in Maces & Flails
 11374 | D:7      | Reached skill level 5 in Polearms
 11374 | D:7      | Reached skill level 5 in Staves
 11374 | D:7      | Reached skill level 5 in Slings
 11374 | D:7      | Reached skill level 5 in Bows
 11374 | D:7      | Reached skill level 5 in Crossbows
 11374 | D:7      | Reached skill level 5 in Throwing
 11374 | D:7      | Reached skill level 5 in Armour
 11374 | D:7      | Reached skill level 5 in Shields
 11374 | D:7      | Reached skill level 5 in Unarmed Combat
 11374 | D:7      | Reached skill level 5 in Evocations
 11690 | D:7      | Found a runed door.
 11694 | D:7      | Noticed Crazy Yiuf
 11702 | D:7      | Killed Crazy Yiuf
 12685 | D:8      | Found a runed gate.
 12686 | D:8      | Found a runed gate.
 12687 | D:8      | Found a runed gate.
 12689 | D:8      | Noticed Thomus's ghost (novice MiBe)
 13027 | D:8      | Found an ornate altar of the Wu Jian Council.
 13598 | D:9      | Reached skill level 9 in Spellcasting
 14157 | D:9      | Reached skill level 5 in Conjurations
 14157 | D:9      | Reached skill level 5 in Summonings
 14157 | D:9      | Reached skill level 5 in Translocations
 14526 | D:9      | Reached ** piety under Ashenzari
 14680 | D:9      | Found an iron altar of Okawaru.
 14968 | D:10     | Entered Level 10 of the Dungeon
 15251 | D:10     | Found a staircase to the Orcish Mines.
 15380 | D:10     | Reached XP level 11. HP: 26/81 MP: 0/24
 16007 | D:10     | Killed an unseen horror
 16782 | D:10     | Identified the +0 robe of Hangman {-Cast Str+3} (You found it on level 6 of the Dungeon)
 17013 | D:11     | Noticed a seven-headed hydra
 17167 | D:11     | Killed an unseen horror
 17167 | D:11     | Reached skill level 5 in Hexes
 17167 | D:11     | Reached skill level 5 in Charms
 17167 | D:11     | Reached skill level 5 in Necromancy
 17167 | D:11     | Reached skill level 5 in Transmutations
 17167 | D:11     | Reached skill level 5 in Fire Magic
 17167 | D:11     | Reached skill level 5 in Ice Magic
 17167 | D:11     | Reached skill level 5 in Air Magic
 17167 | D:11     | Reached skill level 5 in Earth Magic
 17167 | D:11     | Reached skill level 5 in Poison Magic
 17776 | D:11     | Noticed an eight-headed hydra
 17792 | D:11     | Killed an eight-headed hydra
 17950 | D:11     | Found a staircase to the Lair.
 17990 | D:11     | Noticed a brown ugly thing
 17991 | D:11     | Noticed a death yak
 18020 | D:11     | Killed a death yak
 18046 | D:11     | HP: 2/83 [acid (6)]
 18047 | D:11     | Killed a brown ugly thing
 18475 | D:11     | Killed an unseen horror
 19131 | D:11     | Noticed a two-headed ogre
 19675 | D:11     | Reached XP level 12. HP: 61/89 MP: 7/25
 20161 | D:11     | Killed a two-headed ogre
 20827 | D:11     | Identified the ring "Yxefitzu" {rElec rN++ MP+9 Str-3 Dex+3}
 20828 | D:11     | Identified the +1 ring mail of the Hills {MR+ rCorr}
 20828 | D:11     | Identified the cursed +0 scale mail of Bitterness {rC+ Int-2 Dex+3}
 21111 | D:11     | Learned a level 2 spell: Passwall
 21348 | D:11     | Reached skill level 10 in Spellcasting
 21513 | D:11     | Killed a seven-headed hydra
 21634 | Lair:1   | Entered Level 1 of the Lair of Beasts
 21644 | Lair:1   | Found a shimmering altar of Xom.
 22002 | Lair:1   | Found a shadowy altar of Dithmenos.
 22242 | Lair:1   | Identified the +4 leather armour of Xoatop {+Fly rPois Int-3 Stlth+}
 23747 | Lair:2   | Noticed an eight-headed hydra
 23763 | Lair:2   | HP: 3/91 [eight-headed hydra (8)]
 23764 | Lair:2   | Killed an eight-headed hydra
 25391 | Lair:2   | Found a glowing golden altar of the Shining One.
 25872 | Lair:2   | Slain by a yak

Skill      XL: |  1  2  3  4  5  6  7  8  9 10 11 12 |
---------------+-------------------------------------+-----
Conjurations   | 2 3 4 5 6 |  6.7
Summonings     | 2 3 4 5 6 |  6.7
Translocations | 2 3 4 5 6 |  6.7
Invocations    | 1 2 3 4 5 6 7 8 |  8.3
Fighting       | 1 2 3 4 5 6 7 |  7.6
Short Blades   | 1 2 3 4 5 6 7 |  7.6
Long Blades    | 1 2 3 4 5 6 7 |  7.6
Axes           | 1 2 3 4 5 6 7 |  7.6
Maces & Flails | 1 2 3 4 5 6 7 |  7.6
Polearms       | 1 2 3 4 5 6 7 |  7.6
Staves         | 1 2 3 4 5 6 7 |  7.6
Slings         | 1 2 3 4 5 6 7 |  7.6
Bows           | 1 2 3 4 5 6 7 |  7.6
Crossbows      | 1 2 3 4 5 6 7 |  7.6
Throwing       | 1 2 3 4 5 6 7 |  7.6
Armour         | 1 2 3 4 5 6 7 |  7.6
Shields        | 1 2 3 4 5 6 7 |  7.6
Unarmed Combat | 1 2 3 4 5 6 7 |  7.6
Evocations     | 1 2 3 4 5 6 7 |  7.6
Hexes          | 1 2 3 4 5 6 |  6.3
Charms         | 1 2 3 4 5 6 |  6.3
Necromancy     | 1 2 3 4 5 6 |  6.3
Transmutations | 1 2 3 4 5 6 |  6.3
Fire Magic     | 1 2 3 4 5 6 |  6.3
Ice Magic      | 1 2 3 4 5 6 |  6.3
Air Magic      | 1 2 3 4 5 6 |  6.3
Earth Magic    | 1 2 3 4 5 6 |  6.3
Poison Magic   | 1 2 3 4 5 6 |  6.3
Dodging        | 5 6 7 8 |  8.9
Stealth        | 5 6 7 8 |  8.7
Spellcasting   | 8 9 10 | 10.4

Action                   |  1- 3 |  4- 6 |  7- 9 | 10-12 || total
-------------------------+-------+-------+-------+-------++-------
Melee: Unarmed           |     2 |       |       |       ||     2
       Trident           |       |       |    24 |   158 ||   182
       Bite              |       |       |     1 |     8 ||     9
       Punch             |       |       |       |     3 ||     3
 Cast: Magic Dart        |    88 |   118 |   334 |  1003 ||  1543
       Call Imp          |     3 |    19 |    51 |    91 ||   164
       Conjure Flame     |       |     4 |    21 |    68 ||    93
       Mephitic Cloud    |       |       |    11 |    11 ||    22
       Blink             |       |       |     1 |       ||     1
       Passwall          |       |       |       |     4 ||     4
Invok: Curse Item        |       |       |     3 |     2 ||     5
  Use: Scroll            |       |       |     7 |     2 ||     9
 Stab: Confused          |       |       |       |     2 ||     2
       Distracted        |       |       |       |     2 ||     2
       Sleeping          |       |       |       |     1 ||     1
  Eat: Chunk             |     3 |     4 |    19 |    27 ||    53
       Ration            |       |     1 |       |     5 ||     6
Armor: Robe              |     5 |     4 |    23 |    77 ||   109
Dodge: Dodged            |    21 |    27 |    95 |   354 ||   497
